 Dungeon Crawl Stone Soup version 0.26-a0-812-g31a745ddcd (webtiles) character file.

Game seed: 1376487037075546123

2501 Dracia the Martial Artist (level 9, -3/64 HPs)
             Began as a Grey Draconian Transmuter on Nov 30, 2020.
             Was a Believer of Sif Muna.
             Slain by a two-headed ogre
             ... wielding a +0 giant club
              (21 damage)
             ... on level 8 of the Dungeon.
             The game lasted 00:15:34 (8761 turns).

Dracia the Martial Artist (DrTm)                    Turns: 8761, Time: 00:15:34

Health: -3/64      AC: 16    Str: 15    XL:     9   Next: 28%
Magic:  13/14      EV: 12    Int: 14    God:    Sif Muna [**....]
Gold:   207        SH:  0    Dex: 14    Spells: 3/18 levels left

rFire    . . .     SeeInvis .     - Unarmed
rCold    . . .     Faith    .   (no shield)
rNeg     . . .     Spirit   .   (armour unavailable)
rPois    .         Reflect  .   (helmet currently unavailable)
rElec    .         Harm     .   e - +2 cloak
rCorr    .         Rampage  .   o - +0 pair of gloves
MR       .....                  (boots currently unavailable)
Stlth    +.........             t - amulet of the acrobat
HPRegen  0.20/turn              (no ring)
MPRegen  0.14/turn              (no ring)

@: appendages, wereblooded
A: walk through water, unfitting armour, horns 2, talons 1, low mp 1, strong 1,
wild magic 1, unbreathing, cold-blooded, AC +12
a: End Transformation, Channel Magic, Renounce Religion


You were on level 8 of the Dungeon.
You worshipped Sif Muna.
Sif Muna was pleased with you.
You had grown temporary horns.
You visited 1 branch of the dungeon, and saw 8 of its levels.

You collected 297 gold pieces.
You spent 90 gold pieces at shops.


Innate Abilities, Weirdness & Mutations

You can walk through water.
Your dull iron-grey scales are very hard. (AC +12)
You cannot fit into any form of body armour.
You can survive without breathing.
You are cold-blooded and may be slowed by cold attacks.
You have a pair of horns on your head.
You have sharp toenails.
Your magical capacity is low. (-10% MP)
Your muscles are strong. (Str +2)
Your spells are a little harder to cast, but a little more powerful.


   Skills:
 - Level 1.1 Fighting
 - Level 1.7 Dodging
 * Level 9.8 Unarmed Combat
 + Level 5.1 Spellcasting
 - Level 7.0 Transmutations


You had 3 spell levels left.
You knew the following spells:

 Your Spells              Type           Power        Failure   Level
a - Beastly Appendage     Tmut           ####..       2%          1
b - Wereblood             Tmut           ####....     3%          2
c - Spider Form           Tmut/Pois      ###.......   17%         3
d - Blade Hands           Tmut           ####......   34%         5
e - Ice Form              Ice/Tmut       ###.....     47%         4

Your spell library contained the following spells:

 Spells                   Type           Power        Failure   Level


Inventory:

Armour
 e - a +2 cloak (worn)
 o - a +0 pair of gloves (worn)
Magical Staves
 r - an uncursed staff of death {!a, unknown}
Jewellery
 s - an uncursed ring of teleportation
 t - an amulet of the acrobat (around neck)
Wands
 q - a wand of disintegration (20)
Scrolls
 b - 5 scrolls of identify {@r1}
 g - 7 scrolls of teleportation {@r4}
 h - 3 scrolls of amnesia
 i - 7 scrolls of remove curse {@r2}
 j - a scroll of enchant armour {unknown}
 l - 3 scrolls of enchant weapon
 n - a scroll of blinking {unknown}
Potions
 a - a potion of degeneration
 c - a potion of lignification
 d - 2 potions of invisibility {unknown}
 f - 5 potions of curing {@q1}
 k - 5 potions of haste {@q3}
 m - a potion of berserk rage {!q}
 p - a potion of brilliance

Dungeon Overview and Level Annotations

Branches:
Dungeon (8/15)             Temple (0/1) D:6
   Lair: D:8-11

Altars:
Ashenzari
Cheibriados
Fedhas
Hepliaklqana
Kikubaaqudgha
Makhleb
Nemelex Xobeh
Okawaru
Qazlal
Sif Muna
Trog
Uskayaw
Xom
Yredelemnul
Zin
The Shining One

..........####.#.....
................#.#..###
..>.............+.......
.......#........#.......
.......#........+†......
.......#.....####...)...
.......#............####
......l#.............)..
......O@....##........†.
......Z......#......)###
...........#.#.......##.
...........#.#......###.
.....###.###......... ..
..... #.# #............
.... ..# #............
.... ..$. .............
.. .............


You could see a two-headed ogre, an iguana and a bullfrog zombie.


Message History

You kill the jackal!
Sif Muna accepts your kill.
You howl as the wereblood boils in your veins!
The bullfrog zombie closely misses you.
You hit the two-headed ogre but do no damage.
You claw the two-headed ogre! You headbutt the two-headed ogre!
Your punch misses the two-headed ogre.
The two-headed ogre is moderately wounded.
The bullfrog zombie hits you.
The two-headed ogre hits you with a +0 giant club. x2
* * * LOW HITPOINT WARNING * * *
You hit the two-headed ogre. Your kick misses the two-headed ogre.
Your headbutt misses the two-headed ogre.
The two-headed ogre is moderately wounded.
The bullfrog zombie hits you but does no damage.
You punch the two-headed ogre! You claw the two-headed ogre!
The two-headed ogre is heavily wounded.
The bullfrog zombie barely misses you. The two-headed ogre barely misses you.
The two-headed ogre hits you with a +0 giant club!
* * * LOW HITPOINT WARNING * * *
Unknown command.
You punch the two-headed ogre!
Your headbutt misses the two-headed ogre.
The two-headed ogre is severely wounded.
The bullfrog zombie hits you but does no damage.
The iguana barely misses you.
The two-headed ogre hits you with a +0 giant club.
* * * LOW HITPOINT WARNING * * *
The two-headed ogre hits you with a +0 giant club!!
You die...

Skill      XL: |  1  2  3  4  5  6  7  8  9 |
---------------+----------------------------+-----
Unarmed Combat | 4 5 6 7 9 |  9.8
Transmutations | 4 7 |  7.0
Spellcasting   | 4 5 |  5.1
Fighting       | |  1.1
Dodging        | |  1.7

Action                   |  1- 3 |  4- 6 |  7- 9 || total
-------------------------+-------+-------+-------++-------
Melee: Unarmed           |   152 |   109 |   293 ||   554
       Tailslap          |     9 |    11 |    41 ||    61
       Punch             |     2 |     2 |    12 ||    16
       Headbutt          |     5 |    12 |    50 ||    67
       Kick              |     2 |    18 |    83 ||   103
 Cast: Beastly Appendage |     6 |    14 |    41 ||    61
       Wereblood         |       |       |     8 ||     8
  Use: Potion            |       |     1 |     8 ||     9
       Scroll            |       |       |     7 ||     7
 Stab: Sleeping          |     1 |     1 |       ||     2
       Distracted        |       |       |     1 ||     1
Armor: Skin              |    67 |    44 |   102 ||   213
Dodge: Dodged            |   112 |    71 |   172 ||   355

Levels and vault maps discovered:
D:1:      shiori_arrival_maze, layout_basic
D:2:      layout_basic, marbit_many_paths, chequers_ecumenical_altar_simple,
          uniq_crazy_yiuf_cottage
D:3:      layout_basic, nicolae_overflow_crystal_walls, lightli_temple_of_fire,
          ashenzari_conservatory_becter, lemuel_coloured_pillars_altar,
          bh_walls_and_bars
D:4:      layout_basic, lemuel_doored_altar, makhleb_blood_cavern_becter,
          uniq_menkaure
D:5:      layout_loops_ring, nemelex_xobeh_ov_fountains_minmay, fedhas_altar_1,
          uniq_blork_the_orc
D:6:      layout_loops_ring, zin_purify, lemuel_zombie_altar_kikubaaqudgha,
          lemuel_temple_firewalk_b
D:7:      layout_loops_cross, kennysheep_little_box, okawaru_trees_2,
          cheibrodos_worm_habitat, overflow_temple_1_default,
          lemuel_round_altar, grunt_ministairs_3, lemuel_statue_altar
D:8:      layout_basic, grunt_ministairs_9, tso_altar

Notes
Turn   | Place    | Note
-------+----------+-------------------------------------------
     0 | D:1      | Dracia the Draconian Transmuter began the quest for the
                  | Orb.
     0 | D:1      | Reached XP level 1. HP: 16/16 MP: 3/3
   171 | D:1      | Reached XP level 2. HP: 19/23 MP: 5/5
   510 | D:1      | Reached skill level 4 in Unarmed Combat
   813 | D:2      | Reached XP level 3. HP: 18/28 MP: 6/6
  1478 | D:2      | Found a runed translucent door.
  1479 | D:2      | Noticed Crazy Yiuf
  1579 | D:2      | Found a faded altar of an unknown god.
  1650 | D:2      | Reached XP level 4. HP: 33/35 MP: 7/7
  1680 | D:2      | Noticed a necrophage
  1690 | D:2      | Killed a necrophage
  1690 | D:2      | Reached skill level 5 in Unarmed Combat
  1690 | D:2      | Reached XP level 5. HP: 37/40 MP: 6/8
  1788 | D:2      | Found a hide-covered altar of Uskayaw.
  1923 | D:2      | Reached skill level 6 in Unarmed Combat
  1978 | D:2      | Killed Crazy Yiuf
  2108 | D:3      | Found a shimmering blue altar of Sif Muna.
  2183 | D:3      | Became a worshipper of Sif Muna the Loreminder
  2226 | D:3      | Found a broken altar of Ashenzari.
  2306 | D:3      | Found a glowing golden altar of the Shining One.
  2489 | D:3      | Learned a level 2 spell: Wereblood
  2493 | D:3      | Learned a level 3 spell: Spider Form
  2650 | D:3      | Found a bloodstained altar of Trog.
  3102 | D:4      | Reached XP level 6. HP: 8/47 MP: 7/9
  3108 | D:4      | Reached skill level 7 in Unarmed Combat
  3312 | D:3      | Reached skill level 3 in Transmutations
  3639 | D:4      | Reached skill level 4 in Transmutations
  3878 | D:4      | Your scales start taking on a dull iron-grey colour.
  3878 | D:4      | Reached XP level 7. HP: 33/52 MP: 10/10
  3878 | D:4      | Gained mutation: You can survive without breathing. [Grey
                  | Draconian growth]
  4033 | D:4      | Found a basalt altar of Yredelemnul.
  4070 | D:4      | Reached skill level 5 in Transmutations
  4343 | D:4      | Noticed Menkaure
  4352 | D:4      | Killed Menkaure
  4372 | D:4      | Reached skill level 6 in Transmutations
  4424 | D:4      | Found a burning altar of Makhleb.
  4524 | D:4      | Gained mutation: You have sharp toenails. [potion of
                  | mutation]
  4524 | D:4      | Gained mutation: Your magical capacity is low. (-10% MP)
                  | [potion of mutation]
  4524 | D:4      | Gained mutation: Your spells are a little harder to cast,
                  | but a little more powerful. [potion of mutation]
  4524 | D:4      | Gained mutation: Your muscles are strong. (Str +2) [potion
                  | of mutation]
  5636 | D:5      | Entered Level 5 of the Dungeon
  5809 | D:5      | Noticed Blork the orc
  5820 | D:5      | Killed Blork the orc
  5820 | D:5      | Reached * piety under Sif Muna
  5820 | D:5      | Reached skill level 7 in Transmutations
  5820 | D:5      | Reached XP level 8. HP: 46/59 MP: 8/10
  5977 | D:5      | Found a sparkling altar of Nemelex Xobeh.
  6388 | D:5      | Found a blossoming altar of Fedhas.
  6407 | D:5      | Reached skill level 3 in Spellcasting
  6558 | D:6      | Found Zin's Purification Station.
  6559 | D:6      | Found a glowing silver altar of Zin.
  6585 | D:6      | Bought a potion of curing for 90 gold pieces
  6617 | D:6      | Found a staircase to the Ecumenical Temple.
  6741 | D:6      | Reached skill level 8 in Unarmed Combat
  6989 | D:6      | Reached skill level 4 in Spellcasting
  7306 | D:6      | Found an ancient bone altar of Kikubaaqudgha.
  7315 | D:6      | Learned a level 5 spell: Blade Hands
  7320 | D:6      | Learned a level 4 spell: Ice Form
  7646 | D:7      | Found a snail-covered altar of Cheibriados.
  7712 | D:7      | Reached skill level 9 in Unarmed Combat
  7832 | D:7      | Reached XP level 9. HP: 59/64 MP: 14/14
  7874 | D:7      | Found a basalt altar of Yredelemnul.
  7926 | D:7      | Found an iron altar of Okawaru.
  7954 | D:7      | Found a stormy altar of Qazlal.
  8310 | D:7      | Found a hazy altar of Hepliaklqana.
  8335 | D:7      | Found a shimmering altar of Xom.
  8490 | D:8      | Reached ** piety under Sif Muna
  8688 | D:8      | Reached skill level 5 in Spellcasting
  8744 | D:8      | Noticed a two-headed ogre
  8761 | D:8      | Slain by a two-headed ogre

Vanquished Creatures
  Menkaure (D:4)
  2 ice beasts
  2 orc warriors (D:6)
  5 ogres
  A phantom (D:7)
  A necrophage (D:2)
  A centaur (D:8)
  Blork the orc (D:5)
  2 bullfrogs (D:7)
  A water moccasin skeleton (D:6)
  2 scorpions
  A howler monkey (D:4)
  A bullfrog zombie (D:8)
  A centaur zombie (D:5)
  5 hounds
  4 orc priests
  4 orc wizards
  Crazy Yiuf (D:2)
  A bullfrog skeleton (D:5)
  A centaur skeleton (D:4)
  2 iguanas
  5 worker ants
  2 hound zombies
  A hound skeleton (D:4)
  A howler monkey zombie (D:7)
  6 adders
  A shadow imp (D:6)
  A white imp (D:5)
  An ufetubus (D:5)
  An adder zombie (D:8)
  2 worms
  5 dart slugs
  4 leopard geckos
  20 orcs
  3 bat zombies (D:6)
  6 giant cockroaches
  10 goblins
  6 hobgoblins
  8 jackals
  2 quokkas
  3 ball pythons
  10 bats
  7 frilled lizards
  A jackal skeleton (D:4)
  5 kobolds
  A quokka skeleton (D:6)
  6 rats
158 creatures vanquished.

Table legend: (Time is in decaauts)
 A = Elapsed time spent in this place.
 B = Non-inter-level travel time spent in this place.
 C = Inter-level travel time spent in this place.
 D = Time resting spent in this place.
 E = Time spent auto-exploring this place.
 F = Levels seen in this place.
 G = Mean time per level.
                   A        B        C        D        E       F      G
               +--------+--------+--------+--------+--------+-----+--------+
         Total |   8722 |   8539 |    183 |   1198 |   6145 |   8 | 1090.2 |
       Dungeon |   8722 |   8539 |    183 |   1198 |   6145 |   8 | 1090.2 |
               +--------+--------+--------+--------+--------+-----+--------+

Top non-repeatable levels by time:
     D:4: 2128 daAuts
     D:3: 1500 daAuts
     D:2: 1225 daAuts
     D:7: 979 daAuts
     D:6: 893 daAuts
     D:5: 843 daAuts
     D:1: 782 daAuts
     D:8: 369 daAuts

Table legend:
 A = Non-vault XP
 B = Vault XP
 C = Vault XP percentage of total XP
 D = Non-vault monster count
 E = Vault monster count
 F = Vault count percentage of total count
                 A         B        C        D         E       F
            +---------+---------+-------+---------+---------+-------
      Total |    3156 |     418 |  11.7 |     145 |      13 |   8.2
            +---------+---------+-------+---------+---------+-------
        D:1 |      31 |       3 |   8.8 |      19 |       2 |   9.5
        D:2 |     198 |      42 |  17.5 |      28 |       2 |   6.7
        D:3 |     212 |       0 |   0.0 |      18 |       0 |   0.0
        D:4 |     545 |     214 |  28.2 |      19 |       2 |   9.5
        D:5 |     383 |     100 |  20.7 |      12 |       1 |   7.7
        D:6 |     631 |       6 |   0.9 |      15 |       3 |  16.7
        D:7 |     628 |      53 |   7.8 |      15 |       3 |  16.7
        D:8 |     528 |       0 |   0.0 |      19 |       0 |   0.0
            +---------+---------+-------+---------+---------+-------
